 Dungeon Crawl Stone Soup version 0.29.1-1-gd02db6906a (webtiles) character file.

Game seed: 13501823604264323491

11862 mopl the Spear-Bearer (level 11, -7/92 HPs)
             Began as a Palentonga Berserker on Oct 22, 2022.
             Was an Elder of Trog.
             Mangled by a skeletal warrior
             ... wielding a +0 halberd
              (14 damage)
             ... on level 10 of the Dungeon.
             The game lasted 00:12:38 (9180 turns).

mopl the Spear-Bearer (Palentonga Berserker)        Turns: 9180, Time: 00:12:38

Health: -7/92      AC: 24    Str: 26    XL:     11   Next: 54%
Magic:  11/11      EV:  8    Int:  7    God:    Trog [****..]
Gold:   386        SH:  0    Dex: 17    Spells: 10/10 levels left

rFire   . . .      SeeInvis +   a - +1 trident (freeze)
rCold   . . .      Faith    +   (no shield)
rNeg    . . .      Spirit   .   C - +0 plate armour
rPois   .          Reflect  .   t - +2 helmet {SInv}
rElec   .          Harm     .   J - +1 cloak
rCorr   .          Rampage  .   c - +0 pair of gloves
Will    +++..                   (no barding)
Stlth   ..........              b - amulet of faith {!P}
HPRegen 1.25/turn               S - +6 ring of dexterity
MPRegen 0.12/turn               q - ring of willpower

@: about to teleport, strong-willed (expiring), on berserk cooldown,
regenerating (expiring), slowed, curled up, very slow
A: large, rugged brown scales 3, see invisible, deformed body, roll 1, armoured
tail, reflexive curl
a: Rolling Charge, Renounce Religion, Berserk, Trog's Hand, Brothers in Arms


You were on level 10 of the Dungeon.
You worshipped Trog.
Trog was greatly pleased with you.
You visited 1 branch of the dungeon, and saw 10 of its levels.

You collected 580 gold pieces.
You spent 194 gold pieces at shops.

Inventory:

Hand Weapons
 a - a +1 trident of freezing (weapon)
 I - the +7 falchion "Lebbiacw" {venom, rCorr Int+4}
   (You found it on level 7 of the Dungeon)

   It poisons the flesh of those it strikes.
   Int:       It affects your intelligence (+4).
   rCorr:     It protects you from acid and corrosion.
 L - a +0 glaive of electrocution
 M - a +0 spear of venom
 R - a +4 scimitar of flaming
Missiles
 g - 30 poisoned darts (quivered)
Armour
 c - a +0 pair of gloves (worn)
 t - a +2 helmet of see invisible (worn)
 C - a +0 plate armour (worn)
 J - a +1 cloak (worn)
 T - +1 fire dragon scales
Jewellery
 b - an amulet of faith (around neck) {!P}
 q - a ring of willpower (right hand)
 v - a ring of protection from cold
 N - a ring of positive energy
 S - a +6 ring of dexterity (left hand)
 U - an amulet of regeneration
 V - a +4 ring of protection
Wands
 A - a wand of mindburst (28)
 D - a wand of quicksilver (8)
 F - a wand of roots (9)
 H - a wand of polymorph (5)
 Q - a wand of flame (13)
Scrolls
 f - 2 scrolls of butterflies {unknown}
 h - 2 scrolls of fear {unknown}
 j - a scroll of silence {unknown}
 l - 3 scrolls of teleportation
 m - 11 scrolls of identify
 n - 3 scrolls of enchant weapon {unknown}
 x - a scroll of poison {unknown}
 y - 2 scrolls of immolation {unknown}
 z - 2 scrolls of torment {unknown}
 B - 4 scrolls of noise
 G - 3 scrolls of blinking {unknown}
 K - a scroll of brand weapon {unknown}
 O - a scroll of enchant armour {unknown}
 P - a scroll of summoning {unknown}
Potions
 d - 2 potions of mutation {unknown}
 e - 2 potions of degeneration {unknown}
 i - 5 potions of curing {unknown}
 k - 4 potions of heal wounds {unknown}
 o - 3 potions of haste {unknown}
 p - 2 potions of cancellation {unknown}
 s - 2 potions of lignification {unknown}
 u - a potion of brilliance {unknown}
 w - 3 potions of flight {unknown}
 E - a potion of might
Miscellaneous
 r - a piece from Xom's chessboard (15/15)


   Skills:
 + Level 7.9 Fighting
 * Level 9.8 Polearms
 + Level 4.9 Throwing
 + Level 6.2 Armour
 + Level 6.2 Dodging
 + Level 5.8 Evocations


You had 10 spell levels left.
You didn't know any spells.
Your spell library was empty.

Dungeon Overview and Level Annotations

Branches:
Dungeon (10/15)            Temple (0/1) D:6            Lair (0/5) D:9
    Orc: D:9-12

Altars:
Ashenzari
Dithmenos
Elyvilon
Gozag
Nemelex Xobeh
Okawaru
Sif Muna
Trog
Vehumet
Yredelemnul
Zin

Shops:
D:6 (*(   D:7 [   D:9 [


Innate Abilities, Weirdness & Mutations

You are completely covered in rugged brown scales. (AC +3, +7% HP)
You have supernaturally acute eyesight. (SInv)
Armour fits poorly on your strangely shaped body.
You can roll at nearby foes to attack.
You have a long armoured tail.
You curl defensively after being hit. (AC +7*)


Message History

You destroy the freezing wraith!
Trog accepts your kill.
The skeletal warrior hits you from afar with a +0 halberd!
You reach to attack!
You barely miss the skeletal warrior.
You reach to attack!
You closely miss the skeletal warrior.
The skeletal warrior hits you but does no damage.
The cyclops throws a large rock.
The large rock hits you!!!
* * * LOW HITPOINT WARNING * * *
You are too injured to fight recklessly!
You are too injured to fight recklessly!
You are too injured to fight recklessly!
You are too berserk!
Unknown command.
You feel a strong urge to attack something.
You are no longer berserk.
You are exhausted.
You feel yourself slow down.
There is a broken door, spattered with blood here.
Things that are here:
a +0 dagger; an orc corpse
As you read the scroll labelled ODEJUC LUCZE, it crumbles to dust.
You hear a loud clanging noise!
It was a scroll of noise.
You hear a shout!
You hear an angry hiss.
You hear a bark!
You hear a shout! x3
You hear an angry buzzing noise.
You hear a shout! x3; You hear a bellow!
You hear a shout!
As you read the scroll labelled VENUYG EKURIOKH, it crumbles to dust.
It is a scroll of identify.
l - 4 scrolls of teleportation The skeletal warrior hits you but does no damage.
The skeletal warrior hits you from afar with a +0 halberd.
* * * LOW HITPOINT WARNING * * *
As you read the scroll of teleportation, it crumbles to dust.
You feel strangely unstable.
You feel the effects of Trog's Hand fading.
The skeletal warrior hits you from afar with a +0 halberd!!
* * * LOW HITPOINT WARNING * * *
Unknown command.
The skeletal warrior hits you from afar with a +0 halberd!
You die...

#.# #.#$.... #.#
###.... ##.# #...
##..# #.. ##.#.###
#'### #.###..#
#.e.### ##.#.#.##
#.....###
##.##..###zC.....#
#.###..@)...⌠...#
#.# #####.......#
#.# #.....### #.#
#...### #.# #####
#.#######
#.#.....#
#.......#
###.#####


You could see a skeletal warrior and a cyclops.

Vanquished Creatures
  A hydra (D:10)
  Erica (D:9)
  2 catoblepae (D:9)
  A two-headed ogre (D:9)
  A sixfirhy (D:7)
  A cyclops (D:9)
  A freezing wraith (D:10)
  A troll (D:10)
  Grinder (D:3)
  3 shadows
  Eustachio (D:5)
  A wyvern (D:9)
  15 yaks (D:9)
  A steam dragon (D:9)
  An acid dragon (D:10)
  2 water moccasins
  2 orc warriors (D:9)
  A sky beast (D:7)
  3 black bears
  2 ice beasts
  2 ogres (D:5)
  3 centaurs
  A kobold brigand (D:7)
  Blork the orc (D:5)
  5 bullfrogs
  4 scorpions
  A necrophage (D:8)
  A gnoll sergeant (D:6)
  11 wights
  4 killer bees (D:9)
  2 howler monkeys
  2 jellies
  10 orc priests
  6 hounds
  A gnoll bouda (D:7)
  5 iguanas
  7 orc wizards
  Natasha (D:3)
  16 gnolls
  14 adders
  A shadow imp (D:7)
  An ufetubus (D:4)
  3 worms
  3 dart slugs
  23 orcs
  5 endoplasms
  4 giant cockroaches
  A hobgoblin (D:2)
  4 quokkas
  3 ball pythons
  A bat (D:3)
  5 frilled lizards
  6 goblins
  9 kobolds
  3 rats
211 creatures vanquished.

Vanquished Creatures (others)
  6 plants
6 creatures vanquished.

Grand Total: 217 creatures vanquished

Notes
Turn   | Place    | Note
-------+----------+-------------------------------------------
     0 | D:1      | mopl the Palentonga Berserker began the quest for the Orb.
     0 | D:1      | Reached XP level 1. HP: 19/19 MP: 1/1
   168 | D:1      | You fall into a shaft and drop 1 floor!
   325 | D:1      | Reached XP level 2. HP: 25/25 MP: 2/2
   468 | D:1      | Found a faded altar of an unknown god.
   647 | D:2      | Reached skill level 3 in Polearms
   831 | D:2      | Reached ** piety under Trog
   832 | D:2      | Reached XP level 3. HP: 27/31 MP: 3/3
   932 | D:2      | Reached skill level 2 in Armour
   932 | D:2      | Reached skill level 2 in Dodging
  1120 | D:2      | Reached XP level 4. HP: 13/37 MP: 4/4
  1308 | D:3      | Found a glowing silver altar of Zin.
  1486 | D:3      | Found a basalt altar of Yredelemnul.
  1486 | D:3      | Found a radiant altar of Vehumet.
  1488 | D:3      | Found a broken altar of Ashenzari.
  1517 | D:3      | Noticed Grinder
  1531 | D:3      | Killed Grinder
  1532 | D:3      | Reached skill level 4 in Fighting
  1532 | D:3      | Reached skill level 4 in Polearms
  1532 | D:3      | Reached XP level 5. HP: 44/44 MP: 5/5
  1558 | D:3      | Reached XP level 6. HP: 7/51 MP: 6/6
  1897 | D:3      | Noticed Natasha
  1909 | D:3      | Killed Natasha
  2195 | D:4      | Reached skill level 3 in Dodging
  2199 | D:4      | Reached skill level 1 in Throwing
  2199 | D:4      | Reached skill level 3 in Armour
  2199 | D:4      | Gained mutation: You curl defensively after being hit. (AC
                  | +7*) [Palentonga growth]
  2199 | D:4      | Reached XP level 7. HP: 58/58 MP: 7/7
  2287 | D:4      | Reached skill level 5 in Polearms
  2347 | D:4      | Found a shadowy altar of Dithmenos.
  2465 | D:4      | Reached skill level 1 in Evocations
  2789 | D:5      | Entered Level 5 of the Dungeon
  2800 | D:5      | Reached *** piety under Trog
  2970 | D:5      | Noticed Eustachio
  2998 | D:5      | Killed Eustachio
  3195 | D:5      | Reached XP level 8. HP: 65/65 MP: 8/8
  3541 | D:5      | Reached skill level 5 in Fighting
  3551 | D:5      | Reached skill level 2 in Throwing
  3551 | D:5      | Reached skill level 2 in Evocations
  3820 | D:5      | Noticed Blork the orc
  3821 | D:5      | Reached skill level 6 in Polearms
  3827 | D:5      | Killed Blork the orc
  4285 | D:6      | Reached skill level 4 in Armour
  4286 | D:6      | Reached skill level 4 in Dodging
  4328 | D:6      | Found Acaw's Weapon Boutique.
  4329 | D:6      | Found a white marble altar of Elyvilon.
  4361 | D:6      | Found Ymieled's Assorted Antiques.
  4376 | D:6      | Bought a fuming ruby potion for 29 gold pieces
  4376 | D:6      | Bought a scroll labelled IBBADY OQIGEEM for 33 gold pieces
  4376 | D:6      | Bought a wooden wand for 132 gold pieces
  4549 | D:6      | Reached XP level 9. HP: 49/72 MP: 9/9
  4681 | D:6      | Found a sparkling altar of Nemelex Xobeh.
  4701 | D:6      | Found Buank's Antique Weapon Shoppe.
  4738 | D:6      | Reached skill level 3 in Evocations
  5018 | D:7      | Reached skill level 7 in Polearms
  5025 | D:7      | Reached skill level 3 in Throwing
  5026 | D:7      | Identified the +7 falchion "Lebbiacw" {venom, rCorr Int+4}
  5123 | D:7      | Reached **** piety under Trog
  5177 | D:7      | Reached skill level 6 in Fighting
  5203 | D:7      | Found a runed translucent door.
  5207 | D:7      | Noticed a sixfirhy
  5213 | D:7      | Found a shimmering blue altar of Sif Muna.
  5224 | D:7      | Killed a sixfirhy
  5285 | D:7      | Found a bloodstained altar of Trog.
  5286 | D:7      | Found an iron altar of Okawaru.
  5334 | D:7      | Reached skill level 4 in Evocations
  5793 | D:7      | Found Gugronut's Armour Emporium.
  5821 | D:6      | Reached XP level 10. HP: 82/82 MP: 10/10
  5892 | D:6      | Found a staircase to the Ecumenical Temple.
  6279 | D:8      | Reached skill level 5 in Dodging
  6476 | D:8      | Reached skill level 8 in Polearms
  6476 | D:8      | Reached skill level 5 in Armour
  6853 | D:9      | Noticed a catoblepas
  6885 | D:9      | Noticed a catoblepas
  6891 | D:9      | Noticed a two-headed ogre
  6894 | D:9      | Noticed a cyclops
  7115 | D:9      | Noticed Erica
  7132 | D:9      | Killed Erica
  7133 | D:9      | Reached skill level 4 in Throwing
  7134 | D:9      | Found a staircase to the Lair.
  7309 | D:9      | Reached skill level 7 in Fighting
  7492 | D:9      | Reached skill level 5 in Evocations
  7519 | D:9      | Found an opulent altar of Gozag.
  7523 | D:9      | Reached skill level 9 in Polearms
  7833 | D:9      | Reached XP level 11. HP: 60/89 MP: 11/11
  8143 | D:9      | Reached ***** piety under Trog
  8508 | D:9      | Found Haesad's Antique Armour Shoppe.
  8564 | D:9      | Killed a catoblepas
  8708 | D:9      | Killed a two-headed ogre
  8765 | D:9      | Reached skill level 6 in Armour
  8765 | D:9      | Reached skill level 6 in Dodging
  8798 | D:9      | Killed a catoblepas
  8955 | D:10     | Entered Level 10 of the Dungeon
  9158 | D:10     | Noticed a skeletal warrior
  9158 | D:10     | Noticed a deep elf pyromancer
  9158 | D:10     | Noticed a six-headed hydra
  9163 | D:10     | Killed a six-headed hydra
  9180 | D:10     | Mangled by a skeletal warrior

Illustrated notes

Levels and vault maps discovered:
D:1:      denvon_arrival_planthouse, layout_rooms,
          shapermc_ecumenical_altar_hornbeckon
D:2:      layout_loops_ring, serial_bayou, serial_bayou_crossing,
          serial_bayou_lagoon_b, serial_bayou_pond_c, serial_bayou_pond_d
D:3:      layout_rooms, mainiacjoe_overflow_small_starburst,
          chequers_temple_overflow_statue_of_worship, serial_bayou_pond_e,
          uniq_grinder, uniq_natasha
D:4:      layout_basic, lemuel_crystal_altar
D:5:      layout_gridville, uniq_eustachio, uniq_blork_the_orc
D:6:      layout_basic, overflow_temple_1_default, mainiacjoe_overflow_alcove_1,
          minmay_temple_entry_poolview, serial_shops, shop, shop,
          nicolae_shop_advertising_works [nicolae_subvault_shop_adworks],
          st_stairs_6, minmay_misc_feat_enclosed
D:7:      cheibrodos_shockbox, layout_gridville,
          grunt_temple_overflow_bloody_war, mainiacjoe_overflow_cross_hatched,
          serial_shops, nicolae_stop_n_shop_1, minmay_misc_feat_square
D:8:      layout_loops_ring, serial_glass, glass_columns_b, glass_columns_a,
          due_unseen_surprise
D:9:      layout_long_grid, mainiacjoe_overflow_six_doors_small,
          david_lair_generic, serial_shops, shop_fountains,
          minmay_diamond_spiral, uniq_erica
D:10:     wander_river, layout_loops_ring, lemuel_doored_altar, enter_trove_1,
          nicolae_rejected_hall

Skill      XL: |  1  2  3  4  5  6  7  8  9 10 11 |
---------------+----------------------------------+-----
Polearms       | 3 4 5 6 7 9 |  9.8
Armour         | 2 3 4 5 6 |  6.2
Dodging        | 2 3 4 5 6 |  6.2
Fighting       | 4 5 6 7 |  7.9
Throwing       | 1 2 3 4 |  4.9
Evocations     | 1 2 4 5 |  5.8

Action                   |  1- 3 |  4- 6 |  7- 9 | 10-12 || total
-------------------------+-------+-------+-------+-------++-------
Melee: Spear             |   105 |   132 |   234 |       ||   471
       Tailslap          |    10 |     6 |    49 |    46 ||   111
       Punch             |       |     2 |       |       ||     2
       Trident           |       |       |   120 |   283 ||   403
Throw: Dart              |       |     4 |     4 |    14 ||    22
Invok: Berserk           |     1 |     6 |    18 |     6 ||    31
       Trog's Hand       |       |     1 |       |     1 ||     2
       Brothers in Arms  |       |       |     1 |     1 ||     2
Evoke: Wand              |       |       |       |     3 ||     3
  Use: Scroll            |       |       |       |     3 ||     3
Armor: Ring mail         |     3 |       |       |       ||     3
       Scale mail        |    32 |    62 |    34 |       ||   128
       Plate armour      |       |       |   120 |   132 ||   252
Dodge: Dodged            |    27 |    37 |    90 |    63 ||   217
